General information
			
			
        
        - name: BNet
 
        - type: Ladder team game (AT/RT)
 
        - host: Battle.net
 
        - saver: Gobiner
 
        
map: Highperch 
        - players: 6
 
        - length: 41:59
 
        - speed: Fast
 - version: 1.22 W3XP
 - replay type:  Public
 
» download(323 KB)
Players
        team 1 (winner) 
              
              
Gobiner (
blue | 54 APM | 2251 actions | 41:59)
              
 7 Blademaster 
 3 Wind Walk
 3 Critical Strike
 1 Bladestorm
 
                » actions 
                
                | Assign group hotkey | 24 |  | 
| Basic commands | 19 |  | 
| Build / train | 88 |  | 
| ESC pressed | 1 |  | 
| Enter build submenu | 18 |  | 
| Enter hero's abilities submenu | 7 |  | 
| Give item / drop item | 3 |  | 
| Right click | 1131 |  | 
| Select / deselect | 255 |  | 
| Select group hotkey | 445 |  | 
| Use ability | 260 |  | 
                2251 total
 » units 
                » upgrades
                
                | Reinforced Defenses | 1 |  | 
| Liquid Fire | 1 |  | 
| Ranged Weapons | 3 |  | 
| Envenomed Spears | 1 |  | 
| Armor | 4 |  | 
| Spiked Barricades | 1 |  | 
                11 total
 » buildings
                
                | Altar of Storms | 1 |  | 
| Orc Burrow | 4 |  | 
| War Mill | 1 |  | 
| Voodoo Lounge | 2 |  | 
| Stronghold | 3 |  | 
| Fortress | 4 |  | 
| Beastiary | 2 |  | 
| Watch Tower | 7 |  | 
                24 total
 » build order
                00:07 Altar of Storms
00:17 Orc Burrow
00:27 War Mill
01:14 Voodoo Lounge
02:46 Voodoo Lounge
03:05 Stronghold
03:05 Stronghold
03:05 Stronghold
04:10 Orc Burrow
04:11 Orc Burrow
04:58 Orc Burrow
05:26 Fortress
05:26 Fortress
05:42 Beastiary
06:12 Beastiary
06:49 Watch Tower
06:52 Watch Tower
07:58 Watch Tower
08:17 Watch Tower
09:41 Watch Tower
10:32 Watch Tower
13:05 Watch Tower
» items
                
                | Lesser Clarity Potion | 7 |  | 
| Circlet of Nobility | 2 |  | 
| Healing Salve | 2 |  | 
| Orb of Lightning | 1 |  | 
| Boots of Speed | 1 |  | 
| Staff of Teleportation | 1 |  | 
| Potion of Lesser Invulnerability | 1 |  | 
                15 total
  
               
              
              
kunt.roII (
red | 116 APM | 4875 actions | 41:58)
              
 5 Archmage 
 3 Blizzard
 2 Brilliance Aura
 5 Mountain King 
 3 Storm Bolt
 2 Bash
 5 Paladin 
 3 Holy Light
 2 Divine Shield
 
                » actions 
                
                | Assign group hotkey | 60 |  | 
| Basic commands | 79 |  | 
| Build / train | 117 |  | 
| Enter build submenu | 56 |  | 
| Enter hero's abilities submenu | 15 |  | 
| Give item / drop item | 12 |  | 
| Right click | 2018 |  | 
| Select / deselect | 283 |  | 
| Select group hotkey | 1937 |  | 
| Use ability | 298 |  | 
                4875 total
 » units 
                
                | Peasant | 18 |  | 
| Sorceress | 2 |  | 
| Priest | 3 |  | 
                23 total
 » upgrades
                
                | Masonry | 3 |  | 
| Lumber Harvesting | 3 |  | 
| Magic Sentry | 1 |  | 
| Sorceress Training | 2 |  | 
| Priest Training | 2 |  | 
| Armor | 2 |  | 
| Animal War Training | 1 |  | 
| Cloud | 1 |  | 
                15 total
 » buildings
                
                | Altar of Kings | 1 |  | 
| Farm | 5 |  | 
| Lumber Mill | 1 |  | 
| Scout Tower | 33 |  | 
| Arcane Tower | 5 |  | 
| Guard Tower | 22 |  | 
| Keep | 1 |  | 
| Castle | 2 |  | 
| Arcane Sanctum | 1 |  | 
| Town Hall | 1 |  | 
| Arcane Vault | 1 |  | 
| Barracks | 3 |  | 
| Blacksmith | 2 |  | 
| Gryphon Aviary | 2 |  | 
                80 total
 » build order
                00:10 Altar of Kings
00:17 Farm
00:48 Lumber Mill
00:51 Farm
01:19 Scout Tower
01:19 Scout Tower
01:39 Scout Tower
01:46 Arcane Tower
01:46 Arcane Tower
01:56 Scout Tower
02:04 Scout Tower
02:14 Farm
02:18 Arcane Tower
02:18 Arcane Tower
02:28 Guard Tower
02:30 Scout Tower
02:32 Scout Tower
02:40 Guard Tower
03:31 Guard Tower
03:32 Guard Tower
03:33 Scout Tower
03:34 Scout Tower
04:00 Keep
04:21 Guard Tower
04:26 Scout Tower
04:27 Scout Tower
04:56 Scout Tower
04:58 Scout Tower
05:15 Farm
05:17 Scout Tower
05:18 Guard Tower
05:35 Arcane Tower
06:07 Scout Tower
06:29 Castle
06:30 Castle
07:19 Scout Tower
07:21 Guard Tower
07:25 Farm
07:40 Arcane Sanctum
08:14 Scout Tower
08:17 Town Hall
08:31 Scout Tower
08:33 Scout Tower
08:43 Arcane Vault
09:26 Guard Tower
09:26 Guard Tower
09:26 Guard Tower
09:37 Scout Tower
09:38 Scout Tower
09:40 Scout Tower
09:40 Scout Tower
10:04 Scout Tower
10:06 Guard Tower
10:06 Guard Tower
11:27 Scout Tower
11:27 Scout Tower
11:28 Scout Tower
11:30 Scout Tower
11:31 Scout Tower
12:19 Scout Tower
12:20 Guard Tower
12:45 Guard Tower
12:45 Guard Tower
14:25 Guard Tower
14:56 Scout Tower
14:57 Scout Tower
15:45 Guard Tower
15:45 Guard Tower
17:03 Barracks
17:05 Blacksmith
17:08 Gryphon Aviary
17:09 Barracks
17:10 Blacksmith
17:13 Barracks
17:14 Gryphon Aviary
17:19 Guard Tower
» items
                
                | Healing Salve | 3 |  | 
| Scroll of Speed | 3 |  | 
| Lesser Clarity Potion | 3 |  | 
| Staff of Sanctuary | 3 |  | 
| Orb of Lightning | 3 |  | 
| Boots of Speed | 3 |  | 
| Circlet of Nobility | 2 |  | 
| Potion of Lesser Invulnerability | 2 |  | 
| Staff of Teleportation | 3 |  | 
                25 total
  
               
              
              
MrFrosty (
yellow | 81 APM | 3394 actions | 41:58)
              
 6 Archmage 
 3 Blizzard
 2 Brilliance Aura
 1 Mass Teleport
 6 Blood Mage 
 3 Flame Strike
 2 Banish
 1 Summon Phoenix
 
                » actions 
                
                | Assign group hotkey | 25 |  | 
| Basic commands | 82 |  | 
| Build / train | 107 |  | 
| Enter build submenu | 45 |  | 
| Enter hero's abilities submenu | 12 |  | 
| Give item / drop item | 6 |  | 
| Remove unit from queue | 1 |  | 
| Right click | 1648 |  | 
| Select / deselect | 540 |  | 
| Select group hotkey | 698 |  | 
| Use ability | 230 |  | 
                3394 total
 » units 
                
                | Peasant | 18 |  | 
| Sorceress | 2 |  | 
| Priest | 3 |  | 
| Dragonhawk Rider | 6 |  | 
                29 total
 » upgrades
                
                | Masonry | 3 |  | 
| Magic Sentry | 1 |  | 
| Sorceress Training | 2 |  | 
| Priest Training | 2 |  | 
| Lumber Harvesting | 2 |  | 
| Backpack | 1 |  | 
| Animal War Training | 1 |  | 
| Armor | 3 |  | 
| Swords | 3 |  | 
| Cloud | 1 |  | 
                19 total
 » buildings
                
                | Altar of Kings | 1 |  | 
| Farm | 12 |  | 
| Lumber Mill | 1 |  | 
| Scout Tower | 34 |  | 
| Arcane Tower | 7 |  | 
| Guard Tower | 20 |  | 
| Keep | 1 |  | 
| Arcane Sanctum | 1 |  | 
| Town Hall | 1 |  | 
| Castle | 1 |  | 
| Arcane Vault | 1 |  | 
| Gryphon Aviary | 3 |  | 
| Barracks | 1 |  | 
| Blacksmith | 1 |  | 
                85 total
 » build order
                00:07 Altar of Kings
00:19 Farm
00:51 Lumber Mill
00:54 Scout Tower
01:22 Arcane Tower
01:28 Scout Tower
01:35 Farm
02:01 Guard Tower
02:05 Scout Tower
02:29 Scout Tower
02:32 Guard Tower
02:45 Scout Tower
03:26 Arcane Tower
03:27 Guard Tower
03:28 Scout Tower
03:31 Keep
03:37 Scout Tower
03:41 Scout Tower
04:00 Guard Tower
04:29 Farm
04:43 Guard Tower
04:45 Scout Tower
04:47 Scout Tower
05:04 Farm
05:13 Guard Tower
05:41 Arcane Tower
05:43 Guard Tower
05:58 Arcane Sanctum
07:26 Town Hall
08:32 Scout Tower
08:33 Scout Tower
08:37 Scout Tower
08:38 Scout Tower
08:40 Scout Tower
08:41 Scout Tower
08:42 Scout Tower
09:03 Guard Tower
09:38 Guard Tower
09:57 Guard Tower
09:59 Scout Tower
10:49 Guard Tower
10:51 Scout Tower
11:18 Guard Tower
11:25 Castle
11:37 Arcane Tower
12:27 Scout Tower
12:27 Scout Tower
12:28 Scout Tower
12:29 Scout Tower
12:54 Arcane Vault
12:58 Gryphon Aviary
13:02 Barracks
13:04 Blacksmith
13:09 Arcane Tower
13:11 Guard Tower
14:34 Farm
14:41 Guard Tower
17:23 Scout Tower
17:24 Scout Tower
17:25 Scout Tower
17:26 Scout Tower
17:27 Scout Tower
17:29 Scout Tower
17:29 Scout Tower
18:01 Guard Tower
18:34 Scout Tower
19:12 Guard Tower
19:35 Arcane Tower
19:37 Guard Tower
20:41 Guard Tower
20:45 Guard Tower
22:49 Scout Tower
22:52 Scout Tower
22:53 Scout Tower
23:32 Arcane Tower
23:34 Guard Tower
24:19 Gryphon Aviary
24:22 Farm
24:23 Farm
24:25 Farm
24:25 Farm
24:26 Farm
26:38 Gryphon Aviary
26:42 Farm
26:44 Farm
» items
                
                | Staff of Teleportation | 2 |  | 
| Boots of Speed | 2 |  | 
| Lesser Clarity Potion | 1 |  | 
| Healing Salve | 2 |  | 
| Circlet of Nobility | 1 |  | 
| Orb of Lightning | 2 |  | 
| Periapt of Vitality | 1 |  | 
| Staff of Sanctuary | 2 |  | 
| Scroll of Town Portal | 2 |  | 
                15 total
  
               team 2 (loser) 
              
              
EZR-RADIANT- (
orange | 152 APM | 6271 actions | 41:09)
              
 3 Death Knight 
 2 Death Coil
 1 Unholy Aura
 1 Lich 
 1 Frost Armor
 2 Crypt Lord 
 1 Impale
 1 Spiked Carapace
 
                » actions 
                
                | Assign group hotkey | 53 |  | 
| Basic commands | 32 |  | 
| Build / train | 91 |  | 
| Enter build submenu | 24 |  | 
| Enter hero's abilities submenu | 6 |  | 
| Give item / drop item | 1 |  | 
| Remove unit from queue | 4 |  | 
| Right click | 3211 |  | 
| Select / deselect | 1123 |  | 
| Select group hotkey | 1623 |  | 
| Use ability | 102 |  | 
                6271 total
 » units 
                
                | Acolyte | 15 |  | 
| Ghoul | 2 |  | 
| Crypt Fiend | 9 |  | 
| Obsidian Statue | 5 |  | 
| Frost Wyrm | 9 |  | 
                40 total
 » upgrades
                
                | Creature Attack | 3 |  | 
| Creature Carapace | 3 |  | 
| Burrow | 1 |  | 
| Web | 1 |  | 
| Destroyer Form | 1 |  | 
| Freezing Breath | 1 |  | 
                10 total
 » buildings
                
                | Graveyard | 1 |  | 
| Crypt | 1 |  | 
| Altar of Darkness | 1 |  | 
| Ziggurat | 12 |  | 
| Tomb of Relics | 1 |  | 
| Nerubian Tower | 3 |  | 
| Halls of the Dead | 2 |  | 
| Black Citadel | 2 |  | 
| Slaughterhouse | 1 |  | 
| Sacrificial Pit | 1 |  | 
| Boneyard | 2 |  | 
                27 total
 » build order
                00:16 Graveyard
00:20 Crypt
00:23 Altar of Darkness
00:30 Ziggurat
01:26 Tomb of Relics
01:40 Ziggurat
02:14 Nerubian Tower
02:14 Nerubian Tower
03:48 Halls of the Dead
03:48 Halls of the Dead
04:15 Ziggurat
05:13 Ziggurat
07:12 Black Citadel
07:46 Slaughterhouse
08:24 Ziggurat
10:03 Sacrificial Pit
10:51 Ziggurat
11:49 Boneyard
11:50 Boneyard
13:00 Ziggurat
13:44 Ziggurat
13:46 Ziggurat
17:34 Ziggurat
25:37 Ziggurat
25:39 Ziggurat
» items
                
                | Rod of Necromancy | 1 |  | 
| Dust of Appearance | 1 |  | 
| Orb of Corruption | 3 |  | 
                5 total
  
               
              
              
FishDontBounce (
pink | 100 APM | 3891 actions | 38:55)
              
 4 Tauren Chieftain 
 2 Shockwave
 2 Endurance Aura
 1 Lich 
 1 Frost Nova
 2 Shadow Hunter 
 1 Hex
 1 Healing Wave
 
                » actions 
                
                | Assign group hotkey | 83 |  | 
| Basic commands | 53 |  | 
| Build / train | 81 |  | 
| Enter build submenu | 23 |  | 
| Enter hero's abilities submenu | 7 |  | 
| Right click | 1688 |  | 
| Select / deselect | 530 |  | 
| Select group hotkey | 1232 |  | 
| Use ability | 194 |  | 
                3891 total
 » units 
                
                | Peon | 18 |  | 
| Grunt | 5 |  | 
| Demolisher | 1 |  | 
| Troll Witch Doctor | 9 |  | 
| Tauren | 3 |  | 
| Troll Batrider | 20 |  | 
                56 total
 » upgrades
                
                | Berserker Strength | 1 |  | 
| Armor | 1 |  | 
| Melee Weapons | 1 |  | 
| Burning Oil | 1 |  | 
| Witch Doctor Training | 2 |  | 
| Pulverize | 1 |  | 
                7 total
 » buildings
                
                | Altar of Storms | 1 |  | 
| Orc Burrow | 8 |  | 
| Barracks | 2 |  | 
| Voodoo Lounge | 1 |  | 
| Stronghold | 1 |  | 
| Great Hall | 1 |  | 
| War Mill | 1 |  | 
| Fortress | 1 |  | 
| Watch Tower | 2 |  | 
| Spirit Lodge | 1 |  | 
| Tauren Totem | 2 |  | 
| Beastiary | 2 |  | 
                23 total
 » build order
                00:09 Altar of Storms
00:17 Orc Burrow
00:37 Barracks
01:28 Orc Burrow
01:54 Barracks
03:20 Voodoo Lounge
03:47 Stronghold
04:35 Orc Burrow
05:59 Great Hall
06:51 War Mill
06:52 Fortress
08:28 Watch Tower
08:30 Watch Tower
08:47 Spirit Lodge
12:33 Tauren Totem
12:34 Tauren Totem
13:13 Beastiary
14:55 Orc Burrow
14:57 Orc Burrow
15:21 Beastiary
15:30 Orc Burrow
15:53 Orc Burrow
16:53 Orc Burrow
» items
                
                | Healing Salve | 4 |  | 
| Potion of Mana | 1 |  | 
| Potion of Healing | 1 |  | 
                6 total
  
               
              
              
TiCaL- (
green | 58 APM | 2453 actions | 41:58)
              
 4 Priestess of the Moon 
 1 Searing Arrows
 1 Scout
 2 Trueshot Aura
 
                » actions 
                
                | Assign group hotkey | 37 |  | 
| Basic commands | 16 |  | 
| Build / train | 85 |  | 
| Enter build submenu | 45 |  | 
| Enter hero's abilities submenu | 4 |  | 
| Remove unit from queue | 3 |  | 
| Right click | 1326 |  | 
| Select / deselect | 563 |  | 
| Select group hotkey | 279 |  | 
| Use ability | 95 |  | 
                2453 total
 » units 
                
                | Wisp | 56 |  | 
| Huntress | 7 |  | 
| Glaive Thrower | 5 |  | 
| Razormane Medicine Man | 3 |  | 
| Archer | 4 |  | 
                75 total
 » buildings
                
                | Moon Well | 6 |  | 
| Altar of Elders | 1 |  | 
| Hunter's Hall | 3 |  | 
| Ancient of War | 2 |  | 
| Ancient Protector | 23 |  | 
| Tree of Life | 4 |  | 
                39 total
 » build order
                00:17 Moon Well
00:46 Altar of Elders
01:57 Hunter's Hall
02:00 Ancient of War
02:05 Ancient of War
02:22 Moon Well
02:49 Moon Well
06:02 Moon Well
06:21 Ancient Protector
06:28 Ancient Protector
06:53 Ancient Protector
07:35 Ancient Protector
08:33 Tree of Life
10:23 Ancient Protector
12:54 Ancient Protector
17:01 Ancient Protector
17:04 Ancient Protector
19:05 Tree of Life
19:37 Ancient Protector
20:22 Tree of Life
20:33 Ancient Protector
20:36 Ancient Protector
20:39 Ancient Protector
20:54 Ancient Protector
21:15 Ancient Protector
22:33 Ancient Protector
22:35 Ancient Protector
22:37 Ancient Protector
25:15 Ancient Protector
26:30 Tree of Life
26:46 Hunter's Hall
28:36 Ancient Protector
28:38 Ancient Protector
28:39 Ancient Protector
28:41 Ancient Protector
29:22 Ancient Protector
33:21 Hunter's Hall
35:55 Moon Well
36:28 Moon Well
» items
                
                | Dust of Appearance | 1 |  | 
| Tome of Retraining | 1 |  | 
                2 total
  
                Chat log
          (00:04 / All) kunt.roII: DD
(00:04 / All) FishDontBounce: d
(00:05 / All) kunt.roII: D
(00:05 / All) FishDontBounce: d
(00:05 / All) FishDontBounce: D
(00:11 / All) kunt.roII: yeah\
(00:22 / All) FishDontBounce: we would rape you 2v3 so its ok
(00:26 / All) MrFrosty: oh
(00:41 / Allies) kunt.roII: fuk
(01:00 / All) kunt.roII: hey
(01:00 / All) kunt.roII: gl n HF
(01:03 / All) kunt.roII: alright?
(01:07 / All) FishDontBounce: u2
(01:10 / All) kunt.roII: cool
(01:29 / All) kunt.roII: coolio*
(01:33 / All) kunt.roII: heh
(01:49 / Allies) kunt.roII: fuk
(01:53 / Allies) kunt.roII: feed
(01:54 / Allies) kunt.roII: nabiner
(02:02 / Allies) kunt.roII: faginer
(02:42 / Allies) kunt.roII: arg feed?
(02:48 / All) kunt.roII: garg feeD
(02:51 / All) kunt.roII: good strat
(02:57 / Allies) kunt.roII: yea
(02:58 / All) FishDontBounce: =[
(02:59 / All) TiCaL-: MH
(03:01 / All) TiCaL-: WOW
(03:19 / All) TiCaL-: zMAP?
(03:19 / Allies) kunt.roII: tc
(03:20 / Allies) kunt.roII: potm
(03:21 / Allies) kunt.roII: gauygay
(03:23 / All) kunt.roII: nah
(03:26 / All) kunt.roII: lucky guess
(03:30 / All) FishDontBounce: ><
(03:32 / All) FishDontBounce: fuck
(03:35 / All) FishDontBounce: now we lose TT
(03:41 / Allies) kunt.roII: creep it
(03:42 / Allies) kunt.roII: ?
(03:51 / Allies) kunt.roII: yeah cant
(03:56 / Allies) kunt.roII: go for those
(04:34 / Allies) kunt.roII: come gobiner
(04:45 / Allies) kunt.roII: just come wwd
(05:06 / Allies) kunt.roII: imo u go to right one
(05:43 / Allies) kunt.roII: tank it
(06:14 / Allies) kunt.roII: tank it
(06:36 / Allies) kunt.roII: what hero u gettni grorsty
(11:42 / Allies) kunt.roII: prist
(12:02 / Allies) kunt.roII: nope
(12:11 / Allies) kunt.roII: sell it when u want a cirlet..
(13:10 / Allies) kunt.roII: invis pally
(13:13 / Allies) kunt.roII: are items up?
(13:23 / Allies) kunt.roII: tt
(13:55 / Allies) kunt.roII: rofl
(14:16 / Allies) kunt.roII: owned
(14:16 / Allies) kunt.roII: so hard
(15:59 / All) kunt.roII: u give up?
(16:27 / All) MrFrosty: maybe you should get that guy to leave since you would own 2v3
(16:41 / Allies) kunt.roII: ward down here
(18:18 / All) kunt.roII: gg
(18:26 / All) Gobiner: you may leave
(18:29 / All) MrFrosty: hard game
(18:50 / All) MrFrosty: levelling up is hard right green?
(18:57 / All) MrFrosty: dont worry you will get level 2 some time
(19:24 / All) kunt.roII: pink afk?
(19:27 / All) kunt.roII: what a backstab
(20:13 / Allies) kunt.roII: haha
(20:36 / All) MrFrosty: dont worry about not losing like 7 bats to heroes
(20:39 / All) MrFrosty: they dont cost much
(21:53 / All) kunt.roII: gg
(22:10 / All) kunt.roII: wtf green
(22:12 / All) kunt.roII: did u buy exp tome
(22:28 / Allies) kunt.roII: hahaha
(22:30 / Allies) kunt.roII: YUP
(22:33 / All) kunt.roII: gg
(22:34 / All) kunt.roII: we loose
(23:09 / All) kunt.roII: dont build moretowers green
(23:11 / All) kunt.roII: towers are for nobs
(24:10 / Allies) kunt.roII: owned
(24:26 / Allies) kunt.roII: Kelen
(24:28 / Allies) kunt.roII: is such a faggy name
(24:42 / Allies) MrFrosty: kelen and aldos sitting in a tree
(24:44 / All) kunt.roII: yo
(24:46 / All) kunt.roII: how much gold u got
(24:52 / All) kunt.roII:  ?
(24:53 / All) FishDontBounce: banked 20k before
(24:54 / All) kunt.roII: $$ ??
(24:57 / All) kunt.roII: !!!!
(24:59 / All) MrFrosty: no you really didnt
(25:02 / All) kunt.roII: hahaha
(25:10 / All) kunt.roII: i dun think this map has 20k totall..
(25:26 / All) MrFrosty: i dont have 20k and i ahvent lost countless armies to towers and heroes
(25:40 / All) FishDontBounce: countless?
(25:43 / All) kunt.roII: well
(25:43 / All) FishDontBounce: i can count
(25:44 / All) kunt.roII: i count 5
(25:45 / All) Gobiner: beyond count
(25:46 / All) kunt.roII: right now
(25:49 / All) MrFrosty: i havent been paying attention
(26:17 / All) MrFrosty: thanks for letting me escape
(27:21 / Allies) kunt.roII: savin gold
(27:27 / All) kunt.roII: green
(27:33 / All) kunt.roII: u should try for 100 food medicine men
(27:36 / All) kunt.roII: then mass pigs
(27:38 / All) Gobiner: green the thing about NE massing expo is you need allies that can keep their units alive
(27:44 / All) Gobiner: otherwise its kinda pointless to feed them
(28:38 / All) Gobiner: countless armies
(28:52 / All) kunt.roII: u almost got my am
(28:55 / All) Gobiner: excuse me, countable armies
(28:58 / All) Gobiner: what's the count at now?
(29:01 / All) Gobiner: like 250 food?
(29:25 / All) MrFrosty: surely we can keep this up our towers will run out of arrows or something right?
(29:34 / All) kunt.roII: i think thats how it wokrs yeah
(29:39 / All) MrFrosty: must be
(30:04 / All) kunt.roII: hahaha
(30:06 / All) kunt.roII: i ddint even see u green
(30:16 / All) MrFrosty: thanks for the easy win
(30:21 / All) MrFrosty: its refreshing
(30:42 / All) kunt.roII: you know what a nother name for shade is
(30:51 / All) kunt.roII: Free exp
(31:34 / All) MrFrosty: dont worry about it
(31:38 / All) MrFrosty: you can replace those
(32:24 / All) kunt.roII: fuck
(32:25 / All) kunt.roII: we lose
(32:30 / All) MrFrosty: we loose
(32:59 / All) MrFrosty: fuk our expos are out and we only have 16k left
(33:03 / All) Gobiner: bye
(33:10 / All) kunt.roII: how did u get 20k pink
(33:13 / All) kunt.roII: i dont get it
(33:19 / All) FishDontBounce: stay below 50 food
(33:21 / All) FishDontBounce: 2 gold mines
(33:22 / All) MrFrosty: u must be pretty good...
(33:30 / Allies) kunt.roII: haha
(33:32 / Allies) kunt.roII: this guuy
(33:40 / All) MrFrosty: but how do i lose 250 food to towers if i stay below 50 food?
(33:46 / All) MrFrosty: seems really wasteful
(35:31 / Allies) kunt.roII: cant fight htis
(35:42 / Allies) kunt.roII: lagging to bad
(35:46 / Allies) kunt.roII: hahaha
(35:47 / All) kunt.roII: oh fuck
(35:49 / All) kunt.roII: hack?
(35:52 / All) MrFrosty: we loose?
(37:53 / All) kunt.roII: hey orange
(37:55 / All) kunt.roII: what llv heroes u got
(38:58 / All) MrFrosty: 2 e z
(39:18 / All) MrFrosty: its too bad orange didnt drop at the start or you would have owned 2 v 3
(39:31 / All) EZR-RADIANT-: you guys talk a lot of shit for guys that play like fags
(39:43 / All) Gobiner: you talk a lot of shit for someone who lost
(39:44 / All) MrFrosty: funny that
(39:55 / All) EZR-RADIANT-: i dont even know why this map wasnt  thumbs down to begin with
(39:59 / All) kunt.roII: hahahha
(40:00 / All) Gobiner: blame map
(40:02 / All) Gobiner: nice noobscuse
(40:03 / All) MrFrosty: it wasnt the map
(40:04 / All) MrFrosty: fyi
(40:15 / All) EZR-RADIANT-: no other map can you pull gay ass block the entire side with towers
(40:25 / All) kunt.roII: umm
(40:26 / All) EZR-RADIANT-: fyi
(40:27 / All) MrFrosty: ask your faggot clan buddies about us
(40:29 / All) kunt.roII: i can think of about 10
(40:38 / All) MrFrosty: its not the map
(40:41 / All) EZR-RADIANT-: okay noobs
(40:42 / All) kunt.roII: heres one: dragonblight
(40:45 / All) kunt.roII: 2ez noob
(40:56 / All) EZR-RADIANT-: keep playing your fag 3s games
(41:01 / All) kunt.roII: k
(41:02 / All) EZR-RADIANT-: ill still own any of you 1v1
(41:03 / All) Gobiner: 1v1?
(41:05 / All) MrFrosty: keep losing scrub
(41:06 / All) kunt.roII: hahahah
(41:13 / All) MrFrosty: 1v1?
(41:16 / All) kunt.roII: nice
(41:21 / All) kunt.roII: call out 1v1 then leave game
(41:43 / All) MrFrosty: thanks for the easy win
(41:49 / All) Gobiner: 2ez to be a gg